Description

TvP build

Replay - TvP build

Build Order

Get SALT Encoding   

  12  0:00  SCV  
  13  0:12  SCV  
  14  0:17  Supply Depot  
  14  0:24  SCV  
  15  0:38  SCV  
  15  0:40  Barracks  
  16  0:44  Refinery  
  16  0:50  SCV  
  17  1:02  SCV  
  18  1:14  SCV  
  19  1:29  Reaper, Orbital Command  
  20  1:42  Command Center  
  20  1:50  Supply Depot  
  20  1:56  SCV  
  20  2:01  Marine  
  22  2:07  Factory  
  22  2:11  SCV  
  23  2:17  Refinery  
  23  2:23  Barracks Reactor  
  23  2:25  SCV  
  26  2:53  Starport  
  26  2:55  Widow Mine  
  28  2:59  Orbital Command  
  28  3:01  Marine x2  
  31  3:16  Widow Mine  
  31  3:19  Marine x2  
  38  3:28  Supply Depot  
  38  3:29  Medivac  
  40  3:38  Widow Mine, Marine x2  
  45  3:45  Liberator, Supply Depot  
  46  3:53  Supply Depot  
  47  4:01  Factory Tech Lab  
  51  4:05  Engineering Bay  
  52  4:10  Marine x2  
  55  4:23  Siege Tank  
  59  4:28  Liberator  
  61  4:33  Marine  
  69  5:00  Command Center  
  69  5:04  Refinery x2  
  72  5:08  Siege Tank  
  81  5:37  Starport Tech Lab  
  83  5:45  Factory x2  
  85  5:51  Siege Tank  
  93  6:18  Barracks Reactor  
  93  6:24  Bunker  
  94  6:27  Factory x2  
  94  6:28  Viking  
  97  6:37  Orbital Command  
  97  6:39  Siege Tank  
  108  6:54  Refinery x2, Hellion x2  
  108  6:56  Siege Tank  
  108  6:59  Infernal Pre-Igniter  
  114  7:15  Factory Tech Lab, Factory Reactor  
  115  7:16  Viking  
  119  7:25  Siege Tank  
  119  7:26  Hellion x2  
  127  7:31  Missile Turret  
  127  7:33  Siege Tank  
  127  7:34  Hellion  
  134  7:42  Viking x2  
  137  7:47  Hellion  
  143  7:53  Hellion x3  
  143  7:55  Siege Tank  
  152  8:03  Armory x2, Hellion  
  142  8:14  Command Center  
  144  8:23  Viking  
  144  8:24  Siege Tank x2  
  163  8:49  Sensor Tower  
  163  8:51  Terran Vehicle Weapons Level 1  
  163  8:53  Terran Vehicle And Ship Armor Level 1  
  163  8:55  Missile Turret x2  
  196  9:42  Refinery x2  
  199  9:48  Sensor Tower  
  199  9:55  Planetary Fortress  
Spawning Tool Build Advisor. Get it on Overwolf

Go to:

Details

  • Created by: Terradin
  • Published on: Jun 12, 2019
  • Modified on: Jun 12, 2019
  • Patch: 4.7.1
Show
View Real Time Build Order
Export as new Build Order

Comments (0)

There are no comments. Be the first!

Create an account to comment!